[Event "Live Chess"]
[Site "Chess.com"]
[Date "2023.05.20"]
[Round "-"]
[White "Ferrarifan27"]
[Black "JohanKjeldahl"]
[Result "1-0"]
[WhiteElo "2062"]
[BlackElo "1865"]
[TimeControl "300"]
[EndTime "15:02:19 PDT"]
[Termination "Ferrarifan27 won by resignation"]

1. e4 c5 2. Nf3 e6 3. d4 cxd4 4. Nxd4 Nc6 5. Be3 a6 6. Bd3 Qc7 7. O-O b5 8. a3 Nf6 9. f3 Bb7 10. Qe2 Be7 11. Kh1 O-O 12. Nc3 Rad8 13. Rad1 d5 14.
exd5 Nxd5 15. Nxd5 Rxd5 16. Be4 Rh5 17. f4 Nxd4 18.
Qxh5 Bxe4 19. Bxd4 Qxc2 20. Qg4 g6 21. Rf2 Qc6 22. Qh3 h5 23. Bc3 Bc5 24. Re2 Bf5 25. Qh4 f6 26. Bxf6 Bg4 27. Qg5 Kh7 28. Red2 Bxd1 29.
Rxd1 Rf7 30. Rd8 Bf8 31. h4 Qc1+ 32. Kh2 Qc7 33. Be5 Qe7 34. Ra8 Qb7 35. Qd8 Qc6 36. Bc3 Rxf4 37. Ra7+ Kg8 38. Rg7+ Kh8 39. Rc7+ 1-0

[Event "Live Chess"]
[Site "Chess.com"]
[Date "2023.05.20"]
[Round "-"]
[White "CeladonFish"]
[Black "EdenHazard8"]
[Result "0-1"]
[WhiteElo "1165"]
[BlackElo "2044"]
[TimeControl "300"]
[EndTime "15:02:24 PDT"]
[Termination "EdenHazard8 won by resignation"]

1. d4 Nf6 2. c4 d5 3. Nc3 e6 4. Bf4 dxc4 5. Nf3 c6 6. e3 b5 7.
a4 Bb4 8. Qc2 O-O 9. b3 Nd5 10.
Kd2 Bxc3+ 11. Kc1 Bxa1 12. Kd2 Bc3+ 0-1

[Event "Live Chess"]
[Site "Chess.com"]
[Date "2023.05.20"]
[Round "-"]
[White "chessfiction"]
[Black "elvenstar"]
[Result "1-0"]
[WhiteElo "2346"]
[BlackElo "1569"]
[TimeControl "300"]
[EndTime "15:02:30 PDT"]
[Termination "chessfiction won by resignation"]

1. e4 d5 2. d4 e6 3. Nc3 c6 4. Nf3 Bb4 5. Bd3 Ne7 6. O-O O-O 7. e5 Ng6 8. Ng5 Nd7 9. Qh5 h6 10. Nxe6 Qe7 11. Nxf8 Ndxf8 12. Bd2 Be6 13. f4 Qh4 14. Qxh4 Nxh4 15. f5 Bd7 16. g3 Bxc3 17. bxc3 1-0

[Event "Live Chess"]
[Site "Chess.com"]
[Date "2023.05.20"]
[Round "-"]
[White "colourmefree"]
[Black "Doge_Dandolo"]
[Result "0-1"]
[WhiteElo "397"]
[BlackElo "2031"]
[TimeControl "300"]
[EndTime "15:02:32 PDT"]
[Termination "Doge_Dandolo won by resignation"]

1. d4 d5 2. c4 c6 3. Nf3 Nf6 4. e3 a6 5. Nc3 Bf5 6. g3 e6 7. Bg2 Be7 8. O-O O-O 9. Ne5 Nbd7 10. Nxd7 Qxd7 11. f3 dxc4 12. e4 Bg6 13. Bg5 Rfd8 14. Qd2 Qxd4+ 15. Qf2 b5 16. Rad1 Qxf2+ 17. Rxf2 Rxd1+ 18. Rf1 Rxf1+ 19. Bxf1 Bc5+ 20. Kh1 Rd8 21. Bh3 Rd2 22.
Bxd2 Nd7 23. b3 cxb3 24. axb3 Ne5 25. Kg2 Nd3 26. f4 h5 27. Kf3 Bb6 28. Ke2 Nc5 29.
Nxb5 cxb5 30. b4 Nxe4 31. Kd3 Nxg3+ 32. Kc3 Ne4+ 33. Kc2 Nf2+ 34. Kc1 Nxh3 0-1

[Event "Live Chess"]
[Site "Chess.com"]
[Date "2023.05.20"]
[Round "-"]
[White "laminaaprod"]
[Black "wot-not"]
[Result "1-0"]
[WhiteElo "2264"]
[BlackElo "1520"]
[TimeControl "300"]
[EndTime "15:02:37 PDT"]
[Termination "laminaaprod won by resignation"]

1. b3 Nf6 2. Nf3 d6 3. g3 e5 4. Bg2 Be7 5. c4 Nbd7 6. O-O Nf8 7. Bb2 Ng6 8. Nc3 Bg4 9. d4 exd4 10. Qxd4 Qd7 11.
Rad1 O-O 12. Nd5 Bh3 13. Nxe7+ Nxe7 14. Qd2 Bxg2 15. Kxg2 Ng6 16. Bxf6 gxf6 17. c5 Rad8 18. cxd6 cxd6 19. Qd4 f5 20. Qxa7 f4 21. Qd4 Qc6 22.
Rc1 Qa6 23. Qd2 Rfe8 24. Rfe1 Ne5 25. a4 Qb6 26. Qxf4 Qxb3 27. Qg5+ Ng6 28. h4 Kh8 29. h5 Ne5 30. Qf6+ Kg8 31. h6 Kf8 32. Nxe5 dxe5 33. Qh8+ Ke7 34. Qxe5+ Qe6 35. Rc7+ Rd7 36.
Rxd7+ Kxd7 37. Rd1+ Ke7 38. Qg5+ Kf8 39. Qg7+ Ke7 40.
Qxh7 Rc8 41. Qd3 Rc6 42. h7 Qh6 43. Qd8+ Ke6 44. h8=Q Qxh8 45. Qxh8 f6 46. Qe8+ Kf5 47. Qxc6 bxc6 48. Rd6 Kg6 49. Rxc6 Kg5 50. Rxf6 Kxf6 51. a5 Ke6 52. a6 Kd6 53. a7 Kc7 54. g4 Kb7 55. g5 Kxa7 56. g6 Kb7 57. g7 Kb6 58.
g8=Q Kc5 59. Qg3 Kb5 60. Qd3+ Kc5 61. f4 Kc6 62. f5 Kc5 63. f6 Kc6 64. f7 Kc5 65.
f8=Q+ Kc6 66. Qf4 1-0

[Event "Live Chess"]
[Site "Chess.com"]
[Date "2023.05.20"]
[Round "-"]
[White "NomisY"]
[Black "Inglaterra"]
[Result "0-1"]
[WhiteElo "1519"]
[BlackElo "2050"]
[TimeControl "300"]
[EndTime "15:02:38 PDT"]
[Termination "Inglaterra won on time"]

1. d4 d5 2. c4 dxc4 3. Nf3 Nf6 4.
e3 e6 5. Bxc4 a6 6. a4 c5 7. O-O Nbd7 8. Nc3 Be7 9. dxc5 Nxc5 10. Qxd8+ Bxd8 11. b4 Nce4 12. Nxe4 Nxe4 13. Bd3 Bf6 14.
Ra3 Nc3 15. Nd4 Bxd4 16. exd4 Nd5 17. b5 Bd7 18. bxa6 bxa6 19. Be3 Ke7 20. a5 Rhc8 21. Rc1 Rxc1+ 22. Bxc1 Bb5 23. Kf1 Bxd3+ 24. Rxd3 Rb8 25. Ke2 Rb1 26. Bd2 Rb2 27. Kf3 Ra2 28. Be1 Kd7 29. Rb3 Nc7 30. Rb7 Ra3+ 31. Ke4 f6 32. g3 Ra1 33. Bd2 Kc8 34. Rb6 Rd1 0-1

[Event "Live Chess"]
[Site "Chess.com"]
[Date "2023.05.20"]
[Round "-"]
[White "WelshTiger"]
[Black "Conradical12"]
[Result "1-0"]
[WhiteElo "2389"]
[BlackElo "1597"]
[TimeControl "300"]
[EndTime "15:02:47 PDT"]
[Termination "WelshTiger won by resignation"]

1. e4 e5 2. Nf3 Nc6 3. d4 exd4 4. Nxd4 Nf6 5. Nxc6 bxc6 6. Bd3 Bc5 7. h3 d6 8. O-O O-O 9. Qe2 Re8 10. Nc3 Rb8 11.
Rb1 Nd5 12. Nxd5 cxd5 13. Qf3 dxe4 14. Bxe4 Bd7 15. c3 c6 16. Bxc6 Bxc6 17. Qxc6 Qf6 18. Qf3 Qg6 19. Be3 Bxe3 20. fxe3 Re4 21. b3 Rbe8 22. Rbe1 R4e6 23. c4 Qg5 24. Qf4 Qg6 25.
Qf5 Qg3 26. Qxf7+ 1-0

[Event "Live Chess"]
[Site "Chess.com"]
[Date "2023.05.20"]
[Round "-"]
[White "DaveL5678"]
[Black "weibs440"]
[Result "0-1"]
[WhiteElo "1009"]
[BlackElo "941"]
[TimeControl "300"]
[EndTime "15:02:50 PDT"]
[Termination "weibs440 won by checkmate"]

1. e4 d6 2. d4 Nf6 3. e5 dxe5 4. dxe5 Qxd1+ 5. Kxd1 Ng4 6. f4 Nf2+ 7. Ke2 Nxh1 8. Be3 Bg4+ 9. Ke1 e6 10. Nd2 Bb4 11.
c3 Ba5 12. g3 Bh5 13. Bg2 Nxg3 14. hxg3 Nc6 15. Bf3 Bxf3 16. Ngxf3 O-O-O 17. Nc4 Rd3 18. Ke2 Rhd8 19. Nxa5 Nxa5 20. Ne1 R3d7 21. b3 c6 22. Nf3 b6 23. Nd4 Kc7 24. b4 Nb7 25. Nb3 c5 26.
bxc5 bxc5 27. Nxc5 Nxc5 28. Bxc5 a5 29. Rb1 Kc6 30.
Bb6 Rb8 31. Rd1 Rxd1 32. Kxd1 Rxb6 33. Kc2 Kc5 34. Kd3 Rb2 35. c4 Rxa2 36. g4 Ra4 37. Ke4 Rxc4+ 38. Kd3 Rxf4 39. Kc3 Rb4 40. g5 a4 41. g6 hxg6 42. Kc2 a3 43. Kc1 a2 44.
Kc2 a1=R 45. Kc3 Ra3+ 46. Kc2 Rh3 47. Kd2 Ra4 48. Kc2 Ra2+ 49. Kb1 Rg2 50. Kc1 Rh1# 0-1

[Event "Live Chess"]
[Site "Chess.com"]
[Date "2023.05.20"]
[Round "-"]
[White "JanMur7"]
[Black "JoeRoot66"]
[Result "0-1"]
[WhiteElo "1973"]
[BlackElo "1910"]
[TimeControl "300"]
[EndTime "15:02:58 PDT"]
[Termination "JoeRoot66 won by resignation"]

1. e4 c6 2. d4 d5 3. Nc3 dxe4 4. Nxe4 Nf6 5. Nxf6+ exf6 6. Nf3 Bd6 7. Bd3 O-O 8. O-O Re8 9. c3 Nd7 10. Qc2 Nf8 11.
Bd2 Be6 12. Rae1 Qd7 13. a3 Bg4 14. Nh4 Ng6 15. Nxg6 hxg6 16. g3 Bf3 17. Rxe8+ Rxe8 18. Re1 Rxe1+ 19. Bxe1 Qe6 20. Bd2 f5 21. Qa4 f4 22.
Qc4 fxg3 23. hxg3 Bd5 24. Qa4 a6 25. c4 Be4 26. Qc2 f5 27. Bxe4 Qxe4 28. Qxe4 fxe4 29. a4 Kf7 30. Kf1 Ke6 31. Bc3 b5 32. cxb5 axb5 33.
a5 Kd5 34. a6 Bb8 35. Ba5 Ba7 36.
Bb4 Bxd4 37. Bc3 Ba7 38. b3 c5 39. Ke2 c4 40. bxc4+ Kxc4 41. Bxg7 b4 42. f3 exf3+ 43.
Kxf3 Kb5 44. Kg4 Kxa6 45. Kg5 Kb5 46. Kxg6 Kc4 47. Bb2 Bd4 48. Bc1 Kc3 49. g4 Kc2 50.
Bg5 b3 51. Bf6 Bxf6 52. Kxf6 b2 53. g5 b1=Q 54. g6 Qb8 55. Kf7 Qc7+ 56. Kf8 Qd8+ 57.
Kf7 Qd7+ 58. Kf8 Qd6+ 59. Kf7 Qf4+ 60. Ke7 Qe5+ 61. Kf7 Qf5+ 62. Kg7 Kd3 63. Kh6 Qf8+ 64. g7 Qg8 65. Kg6 Ke4 66. Kf6 Kd5 67. Kg6 Ke6 0-1

[Event "Live Chess"]
[Site "Chess.com"]
[Date "2023.05.20"]
[Round "-"]
[White "Missedidea"]
[Black "IgorSchukin"]
[Result "1-0"]
[WhiteElo "1736"]
[BlackElo "1736"]
[TimeControl "300"]
[EndTime "15:03:13 PDT"]
[Termination "Missedidea won by resignation"]

1. d4 d5 2. c4 e5 3. dxe5 d4 4.
e4 Nc6 5. f4 f6 6. Nf3 Bg4 7. Nbd2 Bb4 8. Bd3 Bxf3 9. Qxf3 fxe5 10.
f5 Nf6 11. g4 Nd7 12. h4 Nc5 13. Bf1 d3 14. a3 Bxd2+ 15. Bxd2 O-O 16. O-O-O Nb3+ 17. Kb1 Nxd2+ 18. Rxd2 Na5 19. Rxd3 Qe7 20. Rd5 b6 21. Be2 Rad8 22. g5 Rxd5 23. cxd5 c5 24. Qc3 Nb7 25. Ba6 Nd6 26. Re1 Qf7 27. Qf3 Qc7 28.
Qg3 Qe7 29. f6 Qe8 30. Bf1 Qg6 31. Bg2 gxf6 32. Bh3 Nxe4 33. Be6+ Kh8 34. Qd3 Nd6 35. Qxg6 hxg6 36. gxf6 Rxf6 37. Rxe5 Kg7 38. h5 gxh5 39.
Rxh5 Kg6 40. Rh8 Rf2 41. Rg8+ Kh5 42. Rg7 Nc4 43. b4 Nxa3+ 44. Kc1 cxb4 45. d6 Rc2+ 46. Kd1 Rc6 47. d7 Rd6+ 48. Kc1 Nb5 49. Bg4+ Kh6 50. Rg8 a5 51. d8=Q Rxd8 52. Rxd8 Kg5 53.
Rd5+ Kxg4 54. Rxb5 Kf4 55. Rxb6 Ke4 56. Kb2 Kd4 57.
Kb3 Kc5 58. Rb8 Kc6 59. Ka4 Kc5 60. Kxa5 1-0

[Event "Live Chess"]
[Site "Chess.com"]
[Date "2023.05.20"]
[Round "-"]
[White "CeladonFish"]
[Black "SupremeTactician"]
[Result "0-1"]
[WhiteElo "1165"]
[BlackElo "2367"]
[TimeControl "300"]
[EndTime "15:03:14 PDT"]
[Termination "SupremeTactician won by resignation"]

1. d4 Nf6 2. c4 e6 3. Nc3 Bb4 4. Bf4 Bxc3+ 5. bxc3 d5 6. cxd5 exd5 7. Nf3 O-O 8. e3 Ne4 9. Qc2 Bf5 10. Bd3 c6 11. h3 Nd7 12. g4 Bg6 13. Nh4 Qxh4 0-1

[Event "Live Chess"]
[Site "Chess.com"]
[Date "2023.05.20"]
[Round "-"]
[White "Singapourfeuj"]
[Black "scarletmojito"]
[Result "1-0"]
[WhiteElo "2236"]
[BlackElo "1860"]
[TimeControl "300"]
[EndTime "15:03:18 PDT"]
[Termination "Singapourfeuj won by checkmate"]

1. d4 c5 2. d5 b6 3. Nc3 d6 4. e4 f6 5. Nf3 Kf7 6. Be2 Ke8 7. O-O Nh6 8. a4 Nf7 9. h3 Bd7 10. Be3 Qc7 11. Nd2 g6 12. f4 Bg7 13. Bf3 Nd8 14.
Qe2 Nb7 15. Nc4 Rf8 16. Rae1 Kf7 17. e5 dxe5 18. fxe5 f5 19. e6+ Bxe6 20. dxe6+ Kxe6 21. Bf4+ Be5 22. Qxe5+ Qxe5 23. Rxe5+ Kf7 24. Bxb7 Nd7 25. Bxa8 Nxe5 26. Bxe5 Rxa8 27. Rd1 Ke6 28. Kf2 a6 29. Bh2 g5 30. Nxb6 Rb8 31. a5 f4 32. Ne4 Kf5 33.
Nxc5 Rc8 34. b4 h5 35. Rd5+ e5 36. c4 g4 37. hxg4+ hxg4 38. g3 Rh8 39. Kg1 f3 40.
Rd2 e4 41. Nxe4 Kxe4 42. Nd5 Rc8 43. c5 Rd8 44. Kf2 Rxd5 45. Rxd5 Kxd5 46. Ke3 Kc6 47. Bg1 Kb5 48. Bf2 Kc6 49. Kf4 Kb5 50. Kxg4 Kxb4 51. c6 Kxa5 52. c7 Kb4 53. c8=Q a5 54. Qb7+ Ka3 55.
Qb5 a4 56. Bc5+ Ka2 57. Qxa4+ Kb2 58. Bd4+ Kc1 59. Qc4+ Kd2 60. Qc3+ Ke2 61. Qe3+ Kd1 62. Bc3 Kc2 63. Qxf3 Kc1 64. Ba5 Kc2 65. Qe3 Kb2 66. Kf4 Kc2 67. Ke4 Kb2 68. Kd4 Kc2 69. Kc4 Kb2 70.
Qd2+ Kb1 71. Kb3 Ka1 72. Qd1# 1-0

[Event "Live Chess"]
[Site "Chess.com"]
[Date "2023.05.20"]
[Round "-"]
[White "grillage"]
[Black "BJAW87"]
[Result "1-0"]
[WhiteElo "1849"]
[BlackElo "1431"]
[TimeControl "300"]
[EndTime "15:03:23 PDT"]
[Termination "grillage won by resignation"]

1. d4 Nf6 2. Nc3 g6 3. Bf4 Bg7 4. e4 O-O 5. e5 Ne8 6. Qe2 f6 7. O-O-O fxe5 8. dxe5 Rxf4 9. Nh3 Rf8 10. Ng5 e6 11. Nxe6 Bh6+ 12. Kb1 Qe7 13. Nxf8 Kxf8 14. Qf3+ Kg7 15. Bc4 a6 16. h4 b5 17. Qxa8 1-0

[Event "Live Chess"]
[Site "Chess.com"]
[Date "2023.05.20"]
[Round "-"]
[White "Biranidun"]
[Black "JoshMcK"]
[Result "1-0"]
[WhiteElo "2766"]
[BlackElo "1563"]
[TimeControl "300"]
[EndTime "15:03:24 PDT"]
[Termination "Biranidun won by resignation"]

1. e4 c6 2. d4 d5 3. e5 c5 4. dxc5 e6 5. a3 Bxc5 6. Nf3 Nc6 7. Bd3 Nge7 8. b4 Bb6 9. Bb2 O-O 10. O-O Bc7 11. Re1 Nf5 12. Nbd2 b6 13. c4 dxc4 14. Nxc4 Ncd4 15. Nxd4 Nxd4 16. Bxd4 g6 17. Nd6 Bxd6 18. exd6 Qxd6 19. Be5 Qd5 20. Be4 Qd7 21. Bxa8 Qxd1 22. Raxd1 Ba6 23. Bc6 1-0

[Event "Live Chess"]
[Site "Chess.com"]
[Date "2023.05.20"]
[Round "-"]
[White "lightningorderyt"]
[Black "Wild_Tiger"]
[Result "0-1"]
[WhiteElo "519"]
[BlackElo "1075"]
[TimeControl "300"]
[EndTime "15:03:42 PDT"]
[Termination "Wild_Tiger won on time"]

1. d4 Nc6 2. Nf3 d5 3. Nc3 Bg4 4. e3 e5 5. Be2 e4 6. Nd2 Bxe2 7. Qxe2 Nf6 8. O-O Bd6 9. b3 O-O 10. Bb2 Nb4 11. a3 Nxc2 12. Rac1 Nxa3 13. Bxa3 Bxa3 14. Ra1 Bb4 15. Na2 Bd6 16. f3 Re8 17. Nc3 exf3 18. Nxf3 Bf4 19. Nd1 Ng4 20. Qb5 Nxe3 21.
Nxe3 Rxe3 22. Qxb7 a5 23. g3 Bh6 24. Ne5 Rb8 25. Qc6 Rbxb3 26. Nxf7 Qe7 27. Nxh6+ gxh6 28. Qxd5+ Kh8 29. Qa8+ Qe8 30. Qxa5 Rb2 31. Qd5 Ree2 32. Ra8 Rg2+ 33. Kh1 Rxh2+ 34. Kg1 Rbg2+ 35. Qxg2 Rxg2+ 36. Kxg2 Qxa8+ 37. Kh2 Qe4 38. Rf8+ Kg7 39. Rc8 c6 0-1

[Event "Live Chess"]
[Site "Chess.com"]
[Date "2023.05.20"]
[Round "-"]
[White "chessfiction"]
[Black "JanMur7"]
[Result "1-0"]
[WhiteElo "2348"]
[BlackElo "1971"]
[TimeControl "300"]
[EndTime "15:04:02 PDT"]
[Termination "chessfiction won by resignation"]

1. e4 e5 2. d4 Nc6 3. d5 Nce7 4. f4 Ng6 5. Nf3 d6 6. f5 N6e7 7. Bg5 h6 8. Bh4 c6 9. Nc3 Qb6 10. Qd2 g6 11. Bf2 gxf5 12. Bxb6 1-0

[Event "Live Chess"]
[Site "Chess.com"]
[Date "2023.05.20"]
[Round "-"]
[White "HoarseyHorsey"]
[Black "TheSmoulderingMaster"]
[Result "0-1"]
[WhiteElo "1419"]
[BlackElo "1711"]
[TimeControl "300"]
[EndTime "15:04:14 PDT"]
[Termination "TheSmoulderingMaster won by resignation"]

1. d4 Nf6 2. c4 d6 3. Nc3 g6 4. f3 Bg7 5. e4 O-O 6. Nge2 c6 7. Ng3 a6 8. Be3 b5 9. Qd2 Bb7 10. Be2 Qa5 11. O-O Rd8 12. a3 Nbd7 13. b4 Qc7 14. Bh6 Bh8 15. f4 c5 16. bxc5 dxc5 17.
d5 b4 18. axb4 cxb4 19. Na4 Nc5 20. Kh1 Ncxe4 21. Qe3 Nxg3+ 22. hxg3 Bc8 23. Rac1 Bg4 24. Bf3 Bxf3 25. gxf3 Qd7 26. Kg2 Qxa4 27. Qxe7 Re8 28. Qc5 b3 29. Ra1 Re2+ 30. Kh3 Qd7+ 31. g4 b2 32. Rab1 a5 33. Kg3 a4 34. Rf2 Rxf2 35. Kxf2 a3 36. Kg3 Qxg4+ 37. fxg4 Ne4+ 38. Kf3 Nxc5 0-1

[Event "Live Chess"]
[Site "Chess.com"]
[Date "2023.05.20"]
[Round "-"]
[White "chrisbradgate"]
[Black "Olisingapore"]
[Result "0-1"]
[WhiteElo "861"]
[BlackElo "1871"]
[TimeControl "300"]
[EndTime "15:04:23 PDT"]
[Termination "Olisingapore won on time"]

1. d4 d5 2. Bf4 c5 3. c3 Nf6 4. e3 Nc6 5. Nf3 Bf5 6. Bb5 Qd7 7. O-O e6 8. Ne5 Qc8 9. Nxc6 bxc6 10. Ba4 Be7 11.
f3 Qa6 12. Nd2 cxd4 13. exd4 Bd3 14.
Rf2 Nh5 15. Be5 O-O 16. f4 f6 17. Qxh5 fxe5 18. Rf3 Rf5 19. Qh3 exf4 20. Rxd3 Qxa4 21. Nf3 Qc2 22. Rd2 Qe4 23. Re1 Raf8 24. Rxe4 dxe4 25. Ne5 f3 26. Nxf3 exf3 27. Rf2 fxg2 28. Rxf5 Rxf5 29. Qe3 Kf7 30. Qh3 h5 0-1

[Event "Live Chess"]
[Site "Chess.com"]
[Date "2023.05.20"]
[Round "-"]
[White "terrub10"]
[Black "JoeRoot66"]
[Result "0-1"]
[WhiteElo "570"]
[BlackElo "1910"]
[TimeControl "300"]
[EndTime "15:04:28 PDT"]
[Termination "JoeRoot66 won by checkmate"]

1. d4 e5 2. Nf3 e4 3. Ne5 Nc6 4. Nxc6 bxc6 5. e3 d5 6. Nc3 Nf6 7. Bd2 c5 8. Bc1 cxd4 9. exd4 c5 10. dxc5 Bxc5 11. Bg5 Qb6 12. Bxf6 Bxf2+ 13. Ke2 Qe3# 0-1

[Event "Live Chess"]
[Site "Chess.com"]
[Date "2023.05.20"]
[Round "-"]
[White "GMHarry-youtube"]
[Black "jk0110"]
[Result "1-0"]
[WhiteElo "2021"]
[BlackElo "1118"]
[TimeControl "300"]
[EndTime "15:04:47 PDT"]
[Termination "GMHarry-youtube won by checkmate"]

1. e4 e5 2. Nf3 Nc6 3. Bc4 f5 4.
d3 Bc5 5. exf5 d5 6. Bb5 Bxf5 7.
O-O Bd6 8. Re1 Qe7 9. Bf4 O-O-O 10. Bxc6 bxc6 11. Nxe5 Re8 12. d4 Nf6 13. Qe2 Ng4 14.
Qa6+ Kb8 15. Nxc6+ Ka8 16. Qxa7# 1-0

[Event "Live Chess"]
[Site "Chess.com"]
[Date "2023.05.20"]
[Round "-"]
[White "lateforthesky"]
[Black "Horseymobile"]
[Result "1-0"]
[WhiteElo "2103"]
[BlackElo "1252"]
[TimeControl "300"]
[EndTime "15:04:49 PDT"]
[Termination "lateforthesky won by checkmate"]

1. e4 c6 2. Nf3 d5 3. exd5 cxd5 4. Ne5 g6 5. d4 Bg7 6. Bb5+ Nd7 7. O-O a6 8. Nxd7 Bxd7 9. Bd3 Nf6 10. c3 O-O 11.
Bg5 Re8 12. Re1 Qb6 13. Qe2 h6 14. Bc1 Ng4 15. h3 Nf6 16. Nd2 Nh7 17. Nf3 Qd6 18.
Ne5 Rad8 19. Bf4 Qf6 20. Qd2 g5 21. Bg3 Bf5 22. Ng4 Bxg4 23. hxg4 Nf8 24. Be5 Qc6 25.
Bxg7 Kxg7 26. Re2 Ne6 27. g3 Qd6 28. Rae1 h5 29. Rxe6 fxe6 30. Qxg5+ Kf8 31. Qh6+ Kf7 32. Qxh5+ Kf6 33. Qg6# 1-0

[Event "Live Chess"]
[Site "Chess.com"]
[Date "2023.05.20"]
[Round "-"]
[White "Duke_of_Bebington"]
[Black "MarkLim1"]
[Result "1-0"]
[WhiteElo "1588"]
[BlackElo "1656"]
[TimeControl "300"]
[EndTime "15:05:00 PDT"]
[Termination "Duke_of_Bebington won by resignation"]

1. e4 e6 2. d4 d5 3. Nd2 c5 4. c3 cxd4 5. cxd4 dxe4 6. Nxe4 Nf6 7. Bd3 Bb4+ 8. Kf1 O-O 9. Nf3 Nc6 10. Be3 Bd7 11.
a3 Be7 12. g3 Qc8 13. h4 Ng4 14. Kg2 Nxe3+ 15. fxe3 e5 16. d5 Nd8 17. Nxe5 f5 18. Rc1 Qxc1 19. Qxc1 fxe4 20. Nxd7 1-0

[Event "Live Chess"]
[Site "Chess.com"]
[Date "2023.05.20"]
[Round "-"]
[White "nigelst"]
[Black "Nazar_777"]
[Result "0-1"]
[WhiteElo "1824"]
[BlackElo "1608"]
[TimeControl "300"]
[EndTime "15:05:03 PDT"]
[Termination "Nazar_777 won on time"]

1. e4 e6 2. d4 a6 3. Nc3 h5 4.
f4 c5 5. Nf3 cxd4 6. Nxd4 Nc6 7. Nf3 Be7 8. Bd3 Qc7 9. O-O b5 10. e5 Nh6 11. h3 Bb7 12. Be4 g6 13. Be3 Nf5 14. Bf2 h4 15. a3 b4 16. axb4 Nxb4 17. Bxb7 Qxb7 18. Nd4 Qc7 19. Nxf5 gxf5 20. Qf3 Rc8 21.
Rac1 Rg8 22. Rfd1 Bc5 23. Kh1 Bxf2 24. Qxf2 Qc6 25. Rd6 Qb7 26. Rb6 Qa8 27. Rxb4 Rg3 28. Rd4 Rxh3+ 29. Kg1 Rg3 30. Qd2 Qa7 31. Kh2 Qb7 32. Rd1 Rd8 33. Ne2 Rg4 34. Ng1 f6 35. exf6 d5 36. Nf3 Qc7 37. f7+ Kxf7 38. Ne5+ Kf6 39.
Nxg4+ fxg4 40. Qe2 g3+ 41. Kg1 Qb6 42. Qe5+ Ke7 0-1

[Event "Live Chess"]
[Site "Chess.com"]
[Date "2023.05.20"]
[Round "-"]
[White "JoeyCage"]
[Black "LL220284LL"]
[Result "1-0"]
[WhiteElo "2316"]
[BlackElo "2378"]
[TimeControl "300"]
[EndTime "15:05:04 PDT"]
[Termination "JoeyCage won on time"]

1. e4 d5 2. exd5 Qxd5 3. Qf3 Nf6 4. Nc3 Qxf3 5. Nxf3 c6 6. Bc4 Bf5 7. d3 e6 8. Nh4 Bg6 9. Nxg6 hxg6 10. Bd2 Nbd7 11. O-O-O b5 12. Bb3 a5 13. a4 b4 14. Ne4 Nxe4 15.
dxe4 Nc5 16. f3 Nxb3+ 17. cxb3 O-O-O 18. Be3 Bd6 19. h3 Bc7 20. Kc2 f5 21. Bg5 Rxd1 22. Rxd1 Be5 23. exf5 exf5 24. Re1 Bc7 25. Be3 Re8 26.
Bf2 Rxe1 27. Bxe1 Be5 28. Bf2 Kb7 29. Bc5 Bf6 30. Bd6 Kb6 31. Bf8 c5 32. Bd6 Kc6 33.
Bf8 Bd4 34. Be7 Be5 35. Bd8 Kd5 36. Bxa5 Kd4 37. Bb6 Kd5 38. Bd8 Kc6 39. Be7 Bd4 40. Bf8 Kb6 41. Kd3 Bxb2 42. Kc4 Bd4 43. Kd5 Bf2 44.
Bxg7 g5 45. Bf6 g4 46. fxg4 fxg4 47. hxg4 Ka5 48. Be7 c4 49. Kxc4 Ka6 50. Bxb4 Bg3 51. Kd5 Bc7 52. g5 Bd8 53. g6 Bf6 54. Bd2 Bg7 55.
b4 Kb6 56. Be3+ Ka6 57. Kc6 Bd4 58. b5+ Ka5 59. Bxd4 Kb4 60. g7 Kc4 61. g8=Q+ Kd3 62. b6 Ke2 63. b7 Kd1 64. b8=Q Kc2 65. Qc4+ 1-0

[Event "Live Chess"]
[Site "Chess.com"]
[Date "2023.05.20"]
[Round "-"]
[White "VicLemon"]
[Black "fso"]
[Result "0-1"]
[WhiteElo "1365"]
[BlackElo "2234"]
[TimeControl "300"]
[EndTime "15:05:15 PDT"]
[Termination "fso won on time"]

1. d4 Nf6 2. Nf3 e6 3. g3 d5 4. Bg2 c5 5. O-O Be7 6. c4 O-O 7. cxd5 exd5 8. dxc5 Bxc5 9. Nbd2 Nc6 10. Nb3 Bb6 11. Bg5 h5 12. h4 Re8 13. e3 Bg4 14. Qe1 Qd6 15. Bf4 Qb4 16. Qxb4 Nxb4 17. a3 Nd3 18. Rab1 Nxf4 19. gxf4 Rad8 20. Nbd4 Ne4 21. Rbc1 g6 22. Nb5 Bxf3 23. Bxf3 Nd2 24. Be2 Nxf1 25. Kxf1 d4 26. Nxd4 Bxd4 27. exd4 Rxd4 28. f5 Rxh4 29.
fxg6 fxg6 30. Rc7 Rf4 31. Bc4+ Kh8 32. Bf7 Rf8 33. Bxg6 Rxf2+ 34. Ke1 Rxb2 35. Rh7+ Kg8 36. Rxh5 Kg7 37. Bf5 Kf6 38. Bd3 Rd8 39. Rh6+ Kg5 40. Rh3 Kg4 41. Re3 Kf4 42. Rh3 Re8+ 0-1

[Event "Live Chess"]
[Site "Chess.com"]
[Date "2023.05.20"]
[Round "-"]
[White "EdenHazard8"]
[Black "JohanKjeldahl"]
[Result "1-0"]
[WhiteElo "2048"]
[BlackElo "1860"]
[TimeControl "300"]
[EndTime "15:05:21 PDT"]
[Termination "EdenHazard8 won by resignation"]

1. e4 c5 2. Nc3 e6 3. f4 Nc6 4.
Nf3 a6 5. a4 Qc7 6. Bc4 Nf6 7.
O-O d6 8. d3 Be7 9. Qe1 O-O 10.
Qg3 Bd7 11. f5 exf5 12. Bh6 Ne8 13. Nd5 Qd8 14. exf5 Bxf5 15. Rae1 Bg6 16. Nxe7+ Nxe7 17. Bg5 Nf6 18. Bxf6 gxf6 19. Nh4 Kh8 20. Rxf6 d5 21.
Ba2 Nc6 22. Nxg6+ fxg6 23. Rxf8+ Qxf8 24. Bxd5 Rc8 25. Rf1 Qg7 26. Qg4 Ne7 27. Rf7 Qd4+ 28. Qxd4+ cxd4 29. Rxe7 1-0

[Event "Live Chess"]
[Site "Chess.com"]
[Date "2023.05.20"]
[Round "-"]
[White "ViktorTheCoolBoy"]
[Black "Stanbad1"]
[Result "1-0"]
[WhiteElo "2512"]
[BlackElo "2387"]
[TimeControl "300"]
[EndTime "15:05:43 PDT"]
[Termination "ViktorTheCoolBoy won by resignation"]

1. d4 Nf6 2. c4 c5 3. Nf3 cxd4 4. Nxd4 g6 5. Nc3 Bg7 6. g3 d5 7. Bg2 dxc4 8. O-O O-O 9. Ndb5 Qb6 10. Be3 Qa5 11. Qc1 a6 12. Nd4 Ng4 13. Nd5 Nxe3 14.
Qxe3 Bxd4 15. Nxe7+ Kg7 16. Qxd4+ f6 17. Qxc4 Nc6 18.
Nxc6 bxc6 19. Qxc6 Rb8 20. b3 Bg4 21. Qe4 Bf5 22.
Qf4 Rbe8 23. e4 Be6 24. Rfc1 Rf7 25. Qf3 h5 26. Qc3 Qb6 27. Qc5 Qb8 28. h4 Bg4 29.
Qd4 Rd7 30. Qe3 Red8 31. Kh2 Rd3 32. Qc5 R8d7 33. Rc2 Bf3 34. Rac1 Qe8 35. Re1 Bxg2 36.
Kxg2 Qe6 37. e5 f5 38. Qc4 Qe7 39. Rce2 R3d4 40. Qc3 f4 41. e6 Rd5 42. Re4 Qf6 43. Rxd4 Rxd4 44. e7 f3+ 45. Qxf3 1-0

[Event "Live Chess"]
[Site "Chess.com"]
[Date "2023.05.20"]
[Round "-"]
[White "manthanit"]
[Black "Daniel_Gliddon_FA"]
[Result "1-0"]
[WhiteElo "1029"]
[BlackElo "1308"]
[TimeControl "300"]
[EndTime "15:05:54 PDT"]
[Termination "manthanit won by resignation"]

1. e4 d6 2. Nf3 Nf6 3. Qe2 g6 4. g3 Bg7 5. Bg2 O-O 6. O-O e5 7. b3 Bg4 8. Bb2 Nc6 9. a3 Qd7 10. Nc3 Nd4 11. Qd1 c5 12. b4 b6 13. d3 a5 14. bxc5 bxc5 15. Nd5 Nxd5 16. exd5 Rab8 17. Bxd4 cxd4 18. Qd2 Rb2 19. Rfc1 Rfb8 20. Qxa5 Bh3 21. Qd2 Bxg2 22. Kxg2 h5 23. a4 Qe7 24. Qe2 Bh6 25.
Rd1 f5 26. Nxd4 Qc7 27. Nc6 R8b6 28. a5 Ra6 29. Rdb1 Rxb1 30. Rxb1 Qb7 31. Rxb7 1-0